[Event "CCCSA Spring GM Invitational 2019"]
[Site "Charlotte"]
[Date "2019.03.24"]
[Round "9"]
[White "Yanayt, Eugene"]
[Black "Jacobson, Aaron"]
[Result "1/2-1/2"]
[ECO "E05"]
[WhiteElo "2287"]
[BlackElo "2318"]
[Annotator "RC"]
[PlyCount "90"]
[EventDate "2019.03.20"]
[EventType "tourn"]
[EventCountry "USA"]
[SourceTitle "playchess.com"]
[Source "ChessBase"]
[SourceQuality "1"]
[TimeControl "5400+30"]

1. d4 Nf6 2. c4 e6 3. Nf3 d5 4. g3 Be7 5. Bg2 O-O 6. O-O dxc4 7. Ne5 Nc6 8. Bxc6 bxc6 9. Nxc6 Qe8 10. Nxe7+ Qxe7 11. b3 Rd8 12. bxc4 Qd7 13. Nc3 Qxd4 14. Be3 Qxd1 15. Rfxd1 Ba6 16. Nb5 Nd5 17. a4 Nxe3 18. fxe3 Rxd1+ 19. Rxd1 Bxb5 20. axb5 Kf8 21. Rd7 Rc8 22. c5 c6 23. b6 axb6 24. cxb6 Ke8 25. Rb7 c5 26. Kf2 c4 27. Ke1 c3 28. Kd1 c2+ 29. Kc1 Rc6 30. Rb8+ Ke7 31. b7 Rb6 32. Kxc2 h5 33. Rg8 Rxb7 34. Rxg7 Kf6 35. Rg8 Kf5 36. Kd2 Ke4 37. Rg5 f5 38. Rxh5 Rb2+ 39. Kd1 Kxe3 40. g4 Rd2+ 41. Kc1 Kxe2 42. Rh6 Rd6 43. gxf5 Rd1+ 44. Kc2 Rd2+ 45. Kc1 Rd3 1/2-1/2